 Dungeon Crawl Stone Soup version 0.30-a0-939-gc8157cb160 (webtiles) character file.

Game seed: 4540677254300155422

33708 Iniera the Destroyer (level 14, -15/84 HPs)
             Began as a Kobold Conjurer on Mar 26, 2023.
             Was the Champion of Cheibriados.
             Demolished by a death yak (16 damage)
             ... on level 1 of the Lair of Beasts.
             The game lasted 00:44:17 (17723 turns).

Iniera the Destroyer (Kobold Conjurer)             Turns: 17723, Time: 00:44:17

Health: -15/84     AC: 13    Str: 20    XL:     14   Next: 9%
Magic:  1/28       EV: 23    Int: 45    God:    Cheibriados [******]
Gold:   546        SH:  7    Dex: 28    Spells: 7/33 levels left

rFire   . . .      SeeInvis .    A - +12 falchion of Vighudd {freeze, Fly rC+}
rCold   + . .      Faith    .    z - +0 buckler
rNeg    . . .      Spirit   .    s - +4 swamp dragon scales
rPois   +          Reflect  .    E - +2 hat {Will+}
rElec   .          Rampage  .    (no cloak)
rCorr   .                        (no gloves)
Will    ++...                    (no boots)
Stlth   +++++                    (no amulet)
HPRegen 0.34/turn                q - +6 ring of intelligence
MPRegen 0.21/turn                (no ring)

@: flying, very slightly contaminated, very slow
A: small, no large weapons, nightstalker 3
a: Renounce Religion, Bend Time, Temporal Distortion, Slouch, Step From Time


You were on level 1 of the Lair of Beasts.
You worshipped Cheibriados.
Cheibriados was exalted by your worship.
You visited 3 branches of the dungeon, and saw 14 of its levels.

You collected 812 gold pieces.
You spent 266 gold pieces at shops.

Inventory:

Hand Weapons
 p - a +1 morningstar of flaming
 A - the +12 falchion of Vighudd (weapon) {freeze, Fly rC+}
   (You found it on level 12 of the Dungeon)

   rC:        It protects you from cold.
   Fly:       It grants you flight.
Missiles
 B - 2 throwing nets
Armour
 s - +4 swamp dragon scales (worn)
 z - a +0 buckler (worn)
 E - a +2 hat of willpower (worn)
Jewellery
 q - a +6 ring of intelligence (left hand)
Wands
 i - a wand of polymorph (4)
 m - a wand of flame (10)
 o - a wand of mindburst (8)
 u - a wand of paralysis (5)
 y - a wand of iceblast (5)
 C - a wand of quicksilver (5)
Scrolls
 d - a scroll of blinking
 f - a scroll of teleportation
 l - a scroll of immolation
 r - a scroll of fog
 v - a scroll of poison
Potions
 a - 3 potions of haste {unknown}
 b - 4 potions of magic
 c - 3 potions of berserk rage {unknown}
 e - 4 potions of mutation
 g - 7 potions of attraction
 h - a potion of heal wounds
 k - 3 potions of curing
 n - 5 potions of brilliance
 t - a potion of degeneration {unknown}
 w - 2 potions of resistance {unknown}
 x - a potion of might {unknown}


   Skills:
 + Level 8.9 Fighting
 - Level 3.1 Maces & Flails
 + Level 2.8 Armour
 + Level 10.1 Dodging
 - Level 6.8 Stealth
 - Level 4.2 Shields
 + Level 10.3 Spellcasting
 + Level 11.8 Conjurations
 - Level 4.3 Hexes
 + Level 1.0 Necromancy
 - Level 4.2 Translocations
 - Level 3.1 Transmutations
 - Level 2.3 Fire Magic
 + Level 5.3 Air Magic
 + Level 4.6 Earth Magic
 + Level 1.6 Invocations


You had 7 spell levels left.
You knew the following spells:

 Your Spells              Type           Power      Damage    Failure   Level
a - Magic Dart            Conj           100%       1d8       1%          1
b - Searing Ray           Conj           100%       2d8       1%          2
c - Fulminant Prism       Conj/Hex       38%        3d17      1%          4
d - Iskenderun's Mystic   Conj/Tloc      77%        2d15      1%          4
e - Sticky Flame          Conj/Fire      72%        2d9       1%          4
f - Arcjolt               Conj/Air       39%        1d49      2%          5
g - Petrify               Tmut/Erth      55%        N/A       6%          4
h - Sublimation of Blood  Necr           32%        N/A       3%          2

Your spell library contained the following spells:

 Spells                   Type           Power      Damage    Failure   Level
 Wereblood                Tmut           51%        N/A       1%          2
 Dazzling Flash           Conj/Hex       100%       N/A       1%          3
 Hailstorm                Conj/Ice       66%        3d14      1%          3
 Flame Wave               Conj/Fire      72%        2d16      1%          4
 Inner Flame              Hex/Fire       52%        N/A       2%          3
 Freeze                   Ice            92%        1d9       3%          1
 Irradiate                Conj/Tmut      37%        3d24      3%          5
 Frozen Ramparts          Ice            46%        1d7       9%          3
 Summon Lightning Spire   Summ/Air       47%        N/A       10%         4
 Blade Hands              Tmut           25%        N/A       22%         5
 Metabolic Englaciation   Hex/Ice        21%        N/A       34%         5
 Statue Form              Tmut/Erth      36%        N/A       65%         6
 Dragon Form              Tmut           25%        N/A       100%        7
 Ozocubu's Refrigeration  Ice            11%        4d10      100%        7
 Summon Hydra             Summ           11%        N/A       100%        7


Dungeon Overview and Level Annotations

Branches:
Dungeon (12/15)            Temple (1/1) D:5            Lair (1/5) D:10
    Orc (0/2) D:11

Altars:
Ashenzari
Cheibriados
Dithmenos
Elyvilon
Fedhas
Gozag
Hepliaklqana
Kikubaaqudgha
Makhleb
Nemelex Xobeh
Okawaru
Qazlal
Ru
Sif Muna
Trog
Uskayaw
Vehumet
Wu Jian
Xom
Yredelemnul
Zin
The Shining One

Shops:
D:5 :!::!

Annotations:
D:5 2 transporters, patfeehan111222's ghost, novice MiBe


Innate Abilities, Weirdness & Mutations

You are small and have problems with some larger weapons.
You are completely attuned to the shadows.


Message History

Confirm with . or Enter, or press ? or * to list all spells.
You erupt in a blast of force!
The mystic blast hits the death yak!
You kill the death yak!
Cheibriados thoroughly appreciates the change of pace.
The mystic blast hits the death yak!!
The death yak is moderately wounded.
The death yak is knocked back by the mystic blast.
Your Necromancy skill increases to level 1!
Aiming: Paralyse
Press: ? - help, Shift-Dir - straight line, f - death yak
Aim: a death yak (moderately wounded, chance to affect: 1%)
Okay, then.
Unknown command.
Okay, then.
As you read the scroll of fear, it crumbles to dust.
You assume a fearsome visage.
The death yak resists with some effort.
Blink to where?
Press: ? - help, Dir - move target
As you read the scroll of blinking, it crumbles to dust.
Okay, then.
The air fills with toxic fumes!
As you read the scroll of poison, it crumbles to dust.
The death yak is engulfed in poison gas.
The death yak is poisoned.
Casting: Iskenderun's Mystic Blast (mildly dangerous; 1% risk of failure)
Confirm with . or Enter, or press ? or * to list all spells.
You miscast Iskenderun's Mystic Blast.
You are very lightly contaminated with residual magic.
Nothing appears to happen.
The death yak is engulfed in poison gas.
The death yak looks even sicker.
The death yak barely misses you.
You barely miss the death yak.
The death yak is heavily wounded.
The death yak is engulfed in poison gas.
The death yak looks even sicker.
The death yak gores you!
* * * LOW HITPOINT WARNING * * *
The death yak is engulfed in poison gas.
The death yak looks as sick as possible!
The death yak gores you!
You die...

..[##.# #.....# ###.##
...#######....######...#
..####.....#### #...##.#
....##....#.# #...#^.#
##........### #§§§§..#
##.#.#.#.## ##§§§§###
...####### #§§§§§# .#.#
##§§§§## ..# ##§@##.# #
#§Y###... # ##§§....## #
######.§§.### #
#....§§§§..# #
##...††#.### ###[
........## †...
#..##...# #### ..# #...#


You could see a death yak (extremely poisoned).

Vanquished Creatures
  Gastronok (Lair:1)
  Fannar (D:11)
  2 centaur warriors
  4 boulder beetles
  4 death yaks (Lair:1)
  3 two-headed ogres
  Urug (D:10)
  Nergalle (D:10)
  2 ugly things (D:11)
  3 manticores
  An oklob plant (Lair:1)
  5 elephants (Lair:1)
  2 cyclopes (D:12)
  3 orange demons (D:12)
  2 cane toads (Lair:1)
  An unseen horror (D:12)
  Maggie (D:7)
  Psyche (D:10)
  6 komodo dragons
  4 unseen horror zombies (D:9)
  2 trolls
  A hornet (D:9)
  5 blink frogs (Lair:1)
  5 wyverns
  34 yaks
  Eustachio (D:8)
  2 shadows (D:10)
  2 vampires
  2 steam dragons
  5 vampire mosquitoes
  Menkaure (D:7)
  5 water moccasins
  2 acid dragons
  3 orc warriors
  2 black bears
  2 sky beasts
  3 wolves (Lair:1)
  7 centaurs
  2 kobold brigands
  7 scorpions
  2 wyvern zombies (D:9)
  Blork the orc (D:8)
  5 bullfrogs
  3 gnoll sergeants
  6 wights
  6 killer bees (D:6)
  2 howler monkeys
  3 hounds
  3 centaur zombies (D:9)
  3 jellies (D:6)
  An orc priest (D:11)
  Natasha (twice) (D:4)
  An iron imp (D:6)
  A sleepcap (D:6)
  Jessica (D:3)
  An iguana (D:6)
  11 orc wizards
  13 gnolls
  11 adders
  A shadow imp (D:6)
  An ufetubus (D:5)
  A worm (D:4)
  4 dart slugs
  38 orcs
  8 bats
  6 endoplasms
  2 giant cockroaches (D:2)
  9 goblins
  6 hobgoblins
  7 kobolds
  A quokka (D:2)
  6 ball pythons
  7 frilled lizards
  7 rats
321 creatures vanquished.

Vanquished Creatures (others)
  A bush (D:10)
  50 fulminant prisms
  8 fungi
  36 plants
95 creatures vanquished.

Grand Total: 416 creatures vanquished

Notes
Turn   | Place    | Note
-------+----------+-------------------------------------------
     0 | D:1      | Iniera the Kobold Conjurer began the quest for the Orb.
     0 | D:1      | Reached XP level 1. HP: 10/10 MP: 3/3
   197 | D:1      | Reached XP level 2. HP: 15/15 MP: 1/5
   200 | D:1      | Learned a level 2 spell: Searing Ray
   714 | D:1      | Reached XP level 3. HP: 19/19 MP: 2/6
  1088 | D:2      | Reached skill level 5 in Conjurations
  1632 | D:2      | Reached XP level 4. HP: 18/24 MP: 4/7
  1765 | D:2      | You fall into a shaft and drop 2 floors!
  1807 | D:4      | Found a stormy altar of Qazlal.
  1913 | D:4      | Reached skill level 6 in Conjurations
  1913 | D:4      | Reached XP level 5. HP: 5/28 MP: 5/8
  2026 | D:4      | Found a shimmering altar of Xom.
  2537 | D:3      | Found an iron altar of Okawaru.
  2575 | D:3      | Noticed Jessica
  2578 | D:3      | Killed Jessica
  2879 | D:2      | Reached XP level 6. HP: 32/32 MP: 8/10
  3106 | D:2      | Found a shimmering altar of Xom.
  3448 | D:3      | Got the Tome of Frosty Astrapomancy
  3585 | D:3      | Found a sparkling altar of Nemelex Xobeh.
  3853 | D:3      | Found a radiant altar of Vehumet.
  4069 | D:4      | Noticed Natasha
  4075 | D:4      | Killed Natasha
  4092 | D:4      | Learned a level 4 spell: Fulminant Prism
  4097 | D:4      | Learned a level 4 spell: Iskenderun's Mystic Blast
  4118 | D:4      | Noticed Natasha
  4125 | D:4      | Killed Natasha
  4623 | D:5      | Entered Level 5 of the Dungeon
  4649 | D:5      | Found a transporter.
  4652 | D:5      | Noticed patfeehan111222's ghost (novice MiBe)
  4691 | D:5      | Reached skill level 7 in Conjurations
  4768 | D:5      | Found Xil Huon's Distillery.
  4773 | D:5      | Bought a potion of curing for 39 gold pieces
  4773 | D:5      | Bought a potion of heal wounds for 65 gold pieces
  4773 | D:5      | Bought 2 potions of lignification for 78 gold pieces
  4911 | D:5      | Found Zoluj's Distillery.
  4912 | D:5      | Noticed a black bear
  4920 | D:5      | Killed a black bear
  4921 | D:5      | Reached XP level 7. HP: 33/36 MP: 3/13
  4995 | D:5      | Bought a potion of curing for 36 gold pieces
  4995 | D:5      | Bought a potion of brilliance for 48 gold pieces
  4995 | D:5      | Found Miteadim's Book Boutique.
  5471 | D:5      | Found Veunuse's Book Emporium.
  5505 | D:5      | Found a staircase to the Ecumenical Temple.
  5515 | Temple   | Entered the Ecumenical Temple
  5518 | Temple   | Found a transporter.
  5518 | Temple   | Found a transporter.
  5520 | Temple   | Found a transporter.
  5520 | Temple   | Found a transporter.
  5750 | D:5      | Found a transporter.
  5833 | D:5      | Found Sazits's Book Shoppe.
  6037 | D:6      | Found a shimmering blue altar of Sif Muna.
  6284 | D:6      | Reached XP level 8. HP: 4/41 MP: 10/15
  6451 | D:6      | Reached skill level 5 in Spellcasting
  6451 | D:6      | Reached skill level 1 in Hexes
  6451 | D:6      | Reached skill level 1 in Translocations
  6632 | D:6      | Found a snail-covered altar of Cheibriados.
  6643 | D:6      | Became a worshipper of Cheibriados the Contemplative
  6785 | D:6      | Found a hide-covered altar of Uskayaw.
  6797 | D:6      | Reached skill level 8 in Conjurations
  6883 | D:6      | Found a blossoming altar of Fedhas.
  6892 | D:6      | Identified the +7 chain mail of Patience {rPois rN++ Str-5}
  7365 | D:6      | Reached XP level 9. HP: 29/45 MP: 13/17
  7366 | D:6      | Reached skill level 5 in Stealth
  7369 | D:6      | Reached * piety under Cheibriados
  7837 | D:7      | Noticed Maggie
  7844 | D:7      | Killed Maggie
  8496 | D:7      | Noticed Menkaure
  8499 | D:7      | Killed Menkaure
  8515 | D:7      | Reached skill level 1 in Fighting
  8515 | D:7      | Reached skill level 5 in Dodging
  9257 | D:8      | Reached ** piety under Cheibriados
  9258 | D:8      | Reached XP level 10. HP: 25/52 MP: 0/19
  9365 | D:8      | Noticed Eustachio
  9373 | D:8      | Killed Eustachio
  9544 | D:8      | Noticed Blork the orc
  9547 | D:8      | Killed Blork the orc
  9548 | D:8      | Reached skill level 9 in Conjurations
  9673 | D:8      | Reached skill level 1 in Armour
 10295 | D:9      | HP: 3/84 [yak (10)]
 11063 | D:9      | Reached skill level 1 in Maces & Flails
 11209 | D:9      | Reached *** piety under Cheibriados
 11210 | D:9      | Reached XP level 11. HP: 49/62 MP: 13/22
 11303 | D:9      | Found a basalt altar of Yredelemnul.
 11544 | D:9      | Reached skill level 5 in Fighting
 11545 | D:9      | Noticed a two-headed ogre
 11552 | D:9      | Killed a two-headed ogre
 11553 | D:9      | Reached skill level 10 in Conjurations
 11902 | D:9      | Noticed a two-headed ogre
 11915 | D:9      | Killed a two-headed ogre
 12120 | D:10     | Entered Level 10 of the Dungeon
 12453 | D:10     | Noticed Nergalle
 12464 | D:10     | Killed Nergalle
 12469 | D:10     | Noticed Psyche
 12479 | D:10     | Killed Psyche
 12602 | D:10     | Learned a level 4 spell: Sticky Flame
 12608 | D:10     | Learned a level 5 spell: Arcjolt
 12702 | D:10     | Reached **** piety under Cheibriados
 12705 | D:10     | Reached XP level 12. HP: 61/71 MP: 7/24
 12709 | D:10     | Reached skill level 1 in Fire Magic
 12709 | D:10     | Reached skill level 1 in Air Magic
 12913 | D:10     | Found a staircase to the Lair.
 13267 | D:10     | Noticed Urug
 13274 | D:10     | Killed Urug
 13428 | D:10     | Learned a level 4 spell: Petrify
 13688 | D:11     | Noticed a two-headed ogre
 13697 | D:11     | Killed a two-headed ogre
 13890 | D:11     | Noticed a centaur warrior
 13896 | D:11     | Killed a centaur warrior
 13896 | D:11     | Reached ***** piety under Cheibriados
 13897 | D:11     | Reached skill level 1 in Transmutations
 13897 | D:11     | Reached skill level 1 in Earth Magic
 13945 | D:11     | Noticed a boulder beetle
 14106 | D:11     | Reached skill level 1 in Shields
 14110 | D:11     | Reached skill level 11 in Conjurations
 14119 | D:11     | HP: 3/72 [manticore (1)]
 14755 | D:11     | Killed a boulder beetle
 14923 | D:11     | Found a staircase to the Orcish Mines.
 15127 | D:11     | Noticed Fannar
 15133 | D:11     | Killed Fannar
 15134 | D:11     | Reached XP level 13. HP: 66/78 MP: 17/26
 15609 | D:12     | Noticed a centaur warrior
 15616 | D:12     | Killed a centaur warrior
 15767 | D:12     | Identified the +8 war axe of the King {spect, rElec Str+8
                  | Int-3}
 16325 | D:12     | Identified the +12 falchion of Vighudd {freeze, Fly rC+}
 16724 | Lair:1   | Entered Level 1 of the Lair of Beasts
 17072 | Lair:1   | Found a snail-covered altar of Cheibriados.
 17081 | Lair:1   | Reached ****** piety under Cheibriados
 17082 | Lair:1   | Reached skill level 10 in Spellcasting
 17142 | Lair:1   | Reached skill level 5 in Air Magic
 17420 | Lair:1   | Noticed Gastronok
 17429 | Lair:1   | Killed Gastronok
 17442 | Lair:1   | Reached skill level 10 in Dodging
 17597 | Lair:1   | Learned a level 2 spell: Sublimation of Blood
 17611 | Lair:1   | Reached skill level 1 in Invocations
 17692 | Lair:1   | Identified the +4 quarterstaff "Giant's Toothpick" {flame,
                  | *Slow Str+2 Int-4 Dex+8}
 17716 | Lair:1   | Reached XP level 14. HP: 35/84 MP: 7/28
 17718 | Lair:1   | Reached skill level 1 in Necromancy
 17723 | Lair:1   | HP: 1/84 [death yak (14)]
 17723 | Lair:1   | Demolished by a death yak

Illustrated notes

Levels and vault maps discovered:
D:1:      spicycebolla_arrival_xxxplode, layout_rooms
D:2:      minmay_inner_zag, layout_basic, basic_altar
D:3:      minmay_general_purpose_star, layout_loops_ring,
          nicolae_overflow_hidden_temple, marbit_many_paths,
          mainiacjoe_overflow_cross_hatched, uniq_jessica
D:4:      layout_basic, lemuel_round_altar, minmay_ruined_shrine, uniq_natasha
D:5:      layout_basic, lemuel_temple_firewalk_b, serial_shops,
          nicolae_inconvenience_store, nicolae_shop_competitors_out_of_business,
          shop_fountains, nicolae_shop_statue_plus, kennysheep_mini,
          gammafunk_ghost_stat_death
D:6:      layout_basic, nicolae_uskayaw_murder_on_the_dancefloor,
          amcnicky_altar_gilded, slow_altar_1, mainiacjoe_overflow_24_doors,
          minmay_pentangle
D:7:      layout_cave_pools, kennysheep_generic_room_14, uniq_maggie,
          uniq_menkaure
D:8:      layout_basic, sword_in_stone
D:9:      layout_gridville, nicolae_yredelemnul_corpse_copse,
          kennysheep_nondescript
D:10:     layout_loops_ring, minmay_lair_entry_grove, kennysheep_generic_room_2,
          uniq_nergalle, uniq_psyche, uniq_urug
D:11:     layout_small_grid, erik_orc_3, chequers_serial_rivers_room_b,
          minmay_fractal_squares_5, uniq_fannar
D:12:     layout_loops_ring, gauntlet_entry_generic, chequers_garden,
          einodemon_barbed_minivault
Temple:   hellmonk_temple_divided_pantheon
Lair:1:   layout_misc_corridors, portal_ice_cave_rime, lemuel_oklob_altar,
          uniq_gastronok

Skill      XL: |  1  2  3  4  5  6  7  8  9 10 11 12 13 14 |
---------------+-------------------------------------------+-----
Conjurations   | 5 6 7 8 9 10 11 | 11.8
Spellcasting   | 4 5 6 7 8 9 10 | 10.3
Stealth        | 3 4 6 |  6.8
Hexes          | 2 4 |  4.3
Translocations | 2 4 |  4.2
Dodging        | 3 5 7 8 9 10 | 10.1
Fighting       | 1 4 6 7 8 |  8.9
Armour         | 2 |  2.8
Maces & Flails | 1 3 |  3.1
Fire Magic     | 2 |  2.3
Air Magic      | 3 5 |  5.3
Transmutations | 2 3 |  3.1
Earth Magic    | 2 4 |  4.6
Shields        | 2 4 |  4.2
Invocations    | 1 |  1.6
Necromancy     | 1 |  1.0

Action                     |  1- 3 |  4- 6 |  7- 9 | 10-12 | 13-15 || total
---------------------------+-------+-------+-------+-------+-------++-------
  Melee: Unarmed           |     4 |       |       |       |       ||     4
         Short sword       |     5 |     9 |       |       |       ||    14
         Morningstar       |       |    10 |    58 |   202 |    21 ||   291
         Punch             |       |       |       |     3 |       ||     3
         Falchion          |       |       |       |       |    83 ||    83
   Cast: Magic Dart        |    52 |    77 |    47 |    29 |     9 ||   214
         Searing Ray       |     3 |    15 |    33 |    40 |     2 ||    93
         Iskenderun's Myst |       |       |    10 |    42 |    15 ||    67
         Fulminant Prism   |       |       |     6 |    32 |    12 ||    50
         Sticky Flame      |       |       |       |    23 |    16 ||    39
         Arcjolt           |       |       |       |     5 |     8 ||    13
  Evoke: Wand              |       |       |       |    14 |     3 ||    17
    Use: Potion            |       |     1 |     2 |     7 |       ||    10
         Scroll            |       |     6 |     7 |     9 |     4 ||    26
   Stab: Sleeping          |       |       |     3 |     3 |     4 ||    10
         Distracted        |       |       |       |     1 |     1 ||     2
 Armour: Robe              |     2 |     6 |    27 |     1 |       ||    36
         Skin              |       |       |    22 |    11 |       ||    33
         Swamp dragon scal |       |       |       |   127 |    35 ||   162
  Dodge: Dodged            |    15 |    29 |    96 |   334 |   176 ||   650
  Block: Buckler           |       |       |       |    26 |    47 ||    73

Table legend: (Time is in decaauts)
 A = Elapsed time spent in this place.
 B = Non-inter-level travel time spent in this place.
 C = Inter-level travel time spent in this place.
 D = Time resting spent in this place.
 E = Time spent auto-exploring this place.
 F = Levels seen in this place.
 G = Mean time per level.
                   A        B        C        D        E       F      G
               +--------+--------+--------+--------+--------+-----+--------+
         Total |  21451 |  20916 |    535 |   2674 |  15347 |  14 | 1532.2 |
       Dungeon |  20027 |  19493 |    534 |   2642 |  14303 |  12 | 1668.9 |
        Temple |     88 |     88 |      0 |      0 |     32 |   1 |   88.0 |
          Lair |   1335 |   1335 |      0 |     32 |   1012 |   1 | 1335.0 |
               +--------+--------+--------+--------+--------+-----+--------+

Top non-repeatable levels by time:
    D:11: 2726 daAuts
     D:9: 2606 daAuts
    D:10: 2231 daAuts
     D:6: 2037 daAuts
    D:12: 1686 daAuts
     D:8: 1566 daAuts
     D:2: 1406 daAuts
  Lair:1: 1335 daAuts
     D:5: 1316 daAuts
     D:4: 1281 daAuts
     D:7: 1221 daAuts
     D:3: 1015 daAuts
     D:1: 932 daAuts
  Temple: 88 daAuts
